 Dungeon Crawl Stone Soup version 0.27-a0-406-g23f261fbd2 (webtiles) character file.

Game seed: 17591277011685425127

49 rednaxela the Cutter (level 3, -3/19 HPs)
             Began as a Spriggan Fighter on Feb 23, 2021.
             Succumbed to poison (dark miasma)
             ... on level 2 of the Dungeon.
             The game lasted 00:04:16 (1571 turns).

rednaxela the Cutter (Spriggan Fighter)             Turns: 1571, Time: 00:04:16

Health: -3/19      AC:  2    Str: 12    XL:     3   Next: 51%
Magic:  4/4        EV: 18    Int: 10    God:
Gold:   65         SH:  6    Dex: 14    Spells: 2/2 levels left

rFire    . . .     SeeInvis +   a - +0 rapier
rCold    . . .     Faith    .   c - +0 buckler
rNeg     . . .     Spirit   .   b - +0 robe
rPois    .         Reflect  .   (helmet restricted)
rElec    .         Harm     .   (no cloak)
rCorr    .         Rampage  .   (gloves unavailable)
Will     .....                  (boots unavailable)
Stlth    +.........             h - amulet of the acrobat
HPRegen  0.06/turn              (no ring)
MPRegen  0.09/turn              (no ring)

@: lethally poisoned (-3 -> -57), slowed, wreathed by umbra, quick
A: very small, unfitting armour, see invisible, speed 3
a: no special abilities


You were on level 2 of the Dungeon.
You visited 1 branch of the dungeon, and saw 3 of its levels.

You collected 65 gold pieces.

Inventory:

Hand Weapons
 a - a +0 rapier (weapon)
Armour
 b - a +0 robe (worn)
 c - a +0 buckler (worn)
Jewellery
 h - an amulet of the acrobat (around neck)
   (You found it on level 1 of the Dungeon)
Scrolls
 e - a scroll of enchant armour {unknown}
 f - a scroll of immolation {unknown}
 j - a scroll of enchant weapon {unknown}
 l - a scroll of identify {unknown}
Potions
 d - a potion of might {@q3 !q}
 g - a potion of haste {unknown}
 i - a potion of curing {@q1 !q}
 k - 2 potions of invisibility {unknown}


   Skills:
 - Level 2.4 Fighting
 + Level 4.4 Short Blades
 - Level 4.0 Dodging
 - Level 2.1 Shields


You had 2 spell levels left.
You didn't know any spells.
Your spell library was empty.

Dungeon Overview and Level Annotations

Branches:
Dungeon (3/15)

Altars:
Uskayaw
Vehumet
Yredelemnul


Innate Abilities, Weirdness & Mutations

You are very small and have problems with some larger weapons.
You are too small for most types of armour.
You have supernaturally acute eyesight. (SInv)
You cover ground extremely quickly.


Message History

You climb downwards. 3 gnolls, a kobold and a dart slug come into view.
Found a radiant altar of Vehumet.
Found a stone staircase leading down.
There is a stone staircase leading up here.
You climb upwards.
You feel sick. The adder misses you.
There is a stone staircase leading down here.
The adder bites you.
* * * LOW HITPOINT WARNING * * *
It was a potion of curing.
You feel better. The adder bites you.
* * * LOW HITPOINT WARNING * * *
There is an open door here.
You close the door.
Something unseen opens the door.
You see here a goblin skeleton.
You see here 20 stones.
You start resting.
An adder is nearby!
There is a stone staircase leading up here.
You climb upwards.
There is a stone staircase leading down here.
You start resting.
HP restored.
You climb downwards.
There is a stone staircase leading up here.
An adder is nearby!
The adder completely misses you.
You closely miss the adder. The adder bites you.
You closely miss the adder. The adder closely misses you.
You hit the adder.
The adder is lightly wounded.
The adder closely misses you. x2
You hit the adder.
The adder is severely wounded.
The adder completely misses you.
You puncture the adder!
You kill the adder!
No target in view!
You see here an adder corpse.
HP restored.
A kobold comes into view. It is wielding a +0 dagger.
A kobold is nearby!
You puncture the kobold!
You kill the kobold!
Things that are here:
a +0 dagger; a kobold corpse A leopard gecko comes into view.
The leopard gecko hisses angrily.
You hit the leopard gecko.
The leopard gecko is severely wounded.
The leopard gecko closely misses you.
You hit the leopard gecko.
You kill the leopard gecko!
You see here a leopard gecko corpse.
Found a ring mail.
Found 20 arrows.
Found a hide-covered altar of Uskayaw.
k - 2 purple potions
There is a hide-covered altar of Uskayaw here.
The hobgoblin shouts!
A hobgoblin is nearby!
A hobgoblin is nearby!
A hobgoblin is nearby!
You hit the hobgoblin but do no damage. You block the hobgoblin's attack.
You barely miss the hobgoblin. The hobgoblin hits you.
You barely miss the hobgoblin. You block the hobgoblin's attack.
You hit the hobgoblin.
The hobgoblin is lightly wounded.
The hobgoblin barely misses you.
You hit the hobgoblin.
The hobgoblin is severely wounded.
The hobgoblin hits you.
You puncture the hobgoblin!
You kill the hobgoblin!
No target in view!
You see here a hobgoblin corpse.
You see here a ring mail.
You open the door.
Found a basalt altar of Yredelemnul.
There is an open door here.
You open the door.
A worm comes into view.
Found 8 gold pieces.
There is an open door here.
Unknown command.
Really walk into a travel-excluded area? [Y]es or [N]o only, please.
Really walk into a travel-excluded area? [Y]es or [N]o only, please.
Really walk into a travel-excluded area?
You are engulfed in dark miasma.
You are lethally poisoned!
You feel yourself slow down.
You feel sick.
You see here a scroll labelled QIRIYG VYPULE.
l - a scroll labelled QIRIYG VYPULE You are engulfed in dark miasma.
You are more poisoned.
You feel as though you will be slow longer.
Ouch! That really hurt!
* * * LOW HITPOINT WARNING * * *
You die...

###+###.# #.....[†... ###.....#.#
#.###.##### ###.........###.###.#
# . #...#.....#.........# # ..
#.#####'########.#### ... #.#
#...# #.# # .... #.####§.§# #.##
## $.... #...##...# #..## ##.
......####..##§.@#######...####..
..w...'.....##._.##...........'S.
......####..##§.§#####.#...####..
..... ##.###### #.##.## ##. ....
#.###A## #S#### ## ... #.######
#.# # #+ #.# #÷# #.# #.# #.# #.#
########


You could see a profane servitor.

Vanquished Creatures
  2 adders (D:2)
  2 leopard geckos
  2 giant cockroaches (D:1)
  5 goblins
  2 hobgoblins
  6 kobolds
  5 bats (D:1)
  2 frilled lizards (D:1)
  5 rats (D:1)
31 creatures vanquished.

Notes
Turn   | Place    | Note
-------+----------+-------------------------------------------
     0 | D:1      | rednaxela the Spriggan Fighter began the quest for the Orb.
     0 | D:1      | Reached XP level 1. HP: 11/11 MP: 2/2
   157 | D:1      | Reached skill level 3 in Short Blades
   157 | D:1      | Reached XP level 2. HP: 16/16 MP: 3/3
   864 | D:2      | Reached skill level 4 in Short Blades
   864 | D:2      | Reached XP level 3. HP: 15/19 MP: 4/4
  1061 | D:3      | Found a radiant altar of Vehumet.
  1395 | D:2      | Found a hide-covered altar of Uskayaw.
  1516 | D:2      | Found a basalt altar of Yredelemnul.
  1556 | D:2      | Noticed a profane servitor
  1571 | D:2      | Succumbed to poison (dark miasma)

Illustrated notes

Levels and vault maps discovered:
D:1:      dpeg_arrival_houses_and_road, layout_basic
D:2:      layout_loops_corners, grunt_temple_overflow_holy_war,
          lemuel_round_altar, minmay_indecisive_spiral
D:3:      layout_basic, overflow_temple_1_default,
          nicolae_overflow_hidden_temple, grunt_temple_overflow_open, uniq_robin

Skill      XL: |  1  2 |
---------------+-------+-----
Short Blades   | 3 4 |  4.4
Fighting       | |  2.4
Dodging        | |  4.0
Shields        | |  2.1

Action                   || total
-------------------------++-------
Melee: Rapier            ||   125
  Use: Potion            ||     1
 Stab: Sleeping          ||     1
Armor: Robe              ||     7
Dodge: Dodged            ||    79
Block: Buckler           ||    34

Table legend: (Time is in decaauts)
 A = Elapsed time spent in this place.
 B = Non-inter-level travel time spent in this place.
 C = Inter-level travel time spent in this place.
 D = Time resting spent in this place.
 E = Time spent auto-exploring this place.
 F = Levels seen in this place.
 G = Mean time per level.
                   A        B        C        D        E       F      G
               +--------+--------+--------+--------+--------+-----+--------+
         Total |   1285 |   1278 |      7 |    310 |    606 |   3 |  428.3 |
       Dungeon |   1285 |   1278 |      7 |    310 |    606 |   3 |  428.3 |
               +--------+--------+--------+--------+--------+-----+--------+

Top non-repeatable levels by time:
     D:1: 939 daAuts
     D:2: 344 daAuts
     D:3: 1 daAuts
